%YAML 1.1
%TAG !u! tag:unity3d.com,2011:
--- !u!1 &355901096741262692
GameObject:
  m_ObjectHideFlags: 0
  m_CorrespondingSourceObject: {fileID: 0}
  m_PrefabInstance: {fileID: 0}
  m_PrefabAsset: {fileID: 0}
  serializedVersion: 6
  m_Component:
  - component: {fileID: 189787660960809881}
  - component: {fileID: 5040874714334261623}
  m_Layer: 0
  m_Name: FirepointsPivote
  m_TagString: Untagged
  m_Icon: {fileID: 0}
  m_NavMeshLayer: 0
  m_StaticEditorFlags: 0
  m_IsActive: 1
--- !u!4 &189787660960809881
Transform:
  m_ObjectHideFlags: 0
  m_CorrespondingSourceObject: {fileID: 0}
  m_PrefabInstance: {fileID: 0}
  m_PrefabAsset: {fileID: 0}
  m_GameObject: {fileID: 355901096741262692}
  serializedVersion: 2
  m_LocalRotation: {x: 0, y: 0, z: 0, w: 1}
  m_LocalPosition: {x: 0, y: 0, z: 0}
  m_LocalScale: {x: 1, y: 1, z: 1}
  m_ConstrainProportionsScale: 0
  m_Children:
  - {fileID: 8272849626975070208}
  m_Father: {fileID: 5286296098788063045}
  m_LocalEulerAnglesHint: {x: 0, y: 0, z: 0}
--- !u!114 &5040874714334261623
MonoBehaviour:
  m_ObjectHideFlags: 0
  m_CorrespondingSourceObject: {fileID: 0}
  m_PrefabInstance: {fileID: 0}
  m_PrefabAsset: {fileID: 0}
  m_GameObject: {fileID: 355901096741262692}
  m_Enabled: 1
  m_EditorHideFlags: 0
  m_Script: {fileID: 11500000, guid: 0a1cc365d6e2ea14ab9a005f3009f085, type: 3}
  m_Name: 
  m_EditorClassIdentifier: 
  rotationSpeed: 100
--- !u!1 &4683872487549609988
GameObject:
  m_ObjectHideFlags: 0
  m_CorrespondingSourceObject: {fileID: 0}
  m_PrefabInstance: {fileID: 0}
  m_PrefabAsset: {fileID: 0}
  serializedVersion: 6
  m_Component:
  - component: {fileID: 8272849626975070208}
  m_Layer: 0
  m_Name: Firepoint_1
  m_TagString: Untagged
  m_Icon: {fileID: 0}
  m_NavMeshLayer: 0
  m_StaticEditorFlags: 0
  m_IsActive: 1
--- !u!4 &8272849626975070208
Transform:
  m_ObjectHideFlags: 0
  m_CorrespondingSourceObject: {fileID: 0}
  m_PrefabInstance: {fileID: 0}
  m_PrefabAsset: {fileID: 0}
  m_GameObject: {fileID: 4683872487549609988}
  serializedVersion: 2
  m_LocalRotation: {x: -0, y: -0, z: -0, w: 1}
  m_LocalPosition: {x: 0, y: 0, z: 0}
  m_LocalScale: {x: 1, y: 1, z: 1}
  m_ConstrainProportionsScale: 0
  m_Children: []
  m_Father: {fileID: 189787660960809881}
  m_LocalEulerAnglesHint: {x: 0, y: 0, z: 0}
--- !u!1 &8506615290861585702
GameObject:
  m_ObjectHideFlags: 0
  m_CorrespondingSourceObject: {fileID: 0}
  m_PrefabInstance: {fileID: 0}
  m_PrefabAsset: {fileID: 0}
  serializedVersion: 6
  m_Component:
  - component: {fileID: 5286296098788063045}
  - component: {fileID: 2580817864030377541}
  - component: {fileID: 4855301597820131746}
  - component: {fileID: 270643586574699435}
  - component: {fileID: 4491359523510858833}
  - component: {fileID: -2925969417753681788}
  - component: {fileID: 3641021558031899832}
  - component: {fileID: 8130276384650065212}
  - component: {fileID: 3951885548425122441}
  - component: {fileID: 3943837489105058099}
  m_Layer: 0
  m_Name: Avispaflor
  m_TagString: Enemy
  m_Icon: {fileID: 0}
  m_NavMeshLayer: 0
  m_StaticEditorFlags: 0
  m_IsActive: 1
--- !u!4 &5286296098788063045
Transform:
  m_ObjectHideFlags: 0
  m_CorrespondingSourceObject: {fileID: 0}
  m_PrefabInstance: {fileID: 0}
  m_PrefabAsset: {fileID: 0}
  m_GameObject: {fileID: 8506615290861585702}
  serializedVersion: 2
  m_LocalRotation: {x: 0, y: 0, z: 0, w: 1}
  m_LocalPosition: {x: 15.66, y: 7.31, z: 0}
  m_LocalScale: {x: 1, y: 1, z: 1}
  m_ConstrainProportionsScale: 0
  m_Children:
  - {fileID: 189787660960809881}
  - {fileID: 3674042907336878842}
  - {fileID: 4678784036469075753}
  m_Father: {fileID: 0}
  m_LocalEulerAnglesHint: {x: 0, y: 0, z: 0}
--- !u!212 &2580817864030377541
SpriteRenderer:
  m_ObjectHideFlags: 0
  m_CorrespondingSourceObject: {fileID: 0}
  m_PrefabInstance: {fileID: 0}
  m_PrefabAsset: {fileID: 0}
  m_GameObject: {fileID: 8506615290861585702}
  m_Enabled: 1
  m_CastShadows: 0
  m_ReceiveShadows: 0
  m_DynamicOccludee: 1
  m_StaticShadowCaster: 0
  m_MotionVectors: 1
  m_LightProbeUsage: 1
  m_ReflectionProbeUsage: 1
  m_RayTracingMode: 0
  m_RayTraceProcedural: 0
  m_RenderingLayerMask: 1
  m_RendererPriority: 0
  m_Materials:
  - {fileID: 10754, guid: 0000000000000000f000000000000000, type: 0}
  m_StaticBatchInfo:
    firstSubMesh: 0
    subMeshCount: 0
  m_StaticBatchRoot: {fileID: 0}
  m_ProbeAnchor: {fileID: 0}
  m_LightProbeVolumeOverride: {fileID: 0}
  m_ScaleInLightmap: 1
  m_ReceiveGI: 1
  m_PreserveUVs: 0
  m_IgnoreNormalsForChartDetection: 0
  m_ImportantGI: 0
  m_StitchLightmapSeams: 1
  m_SelectedEditorRenderState: 0
  m_MinimumChartSize: 4
  m_AutoUVMaxDistance: 0.5
  m_AutoUVMaxAngle: 89
  m_LightmapParameters: {fileID: 0}
  m_SortingLayerID: 0
  m_SortingLayer: 0
  m_SortingOrder: 0
  m_Sprite: {fileID: 2037165796, guid: 23500fa52d91f9e4c9911d6b8f46112f, type: 3}
  m_Color: {r: 1, g: 1, b: 1, a: 1}
  m_FlipX: 0
  m_FlipY: 0
  m_DrawMode: 0
  m_Size: {x: 1, y: 1}
  m_AdaptiveModeThreshold: 0.5
  m_SpriteTileMode: 0
  m_WasSpriteAssigned: 1
  m_MaskInteraction: 0
  m_SpriteSortPoint: 0
--- !u!61 &4855301597820131746
BoxCollider2D:
  m_ObjectHideFlags: 0
  m_CorrespondingSourceObject: {fileID: 0}
  m_PrefabInstance: {fileID: 0}
  m_PrefabAsset: {fileID: 0}
  m_GameObject: {fileID: 8506615290861585702}
  m_Enabled: 1
  m_Density: 1
  m_Material: {fileID: 0}
  m_IncludeLayers:
    serializedVersion: 2
    m_Bits: 0
  m_ExcludeLayers:
    serializedVersion: 2
    m_Bits: 0
  m_LayerOverridePriority: 0
  m_ForceSendLayers:
    serializedVersion: 2
    m_Bits: 4294967295
  m_ForceReceiveLayers:
    serializedVersion: 2
    m_Bits: 4294967295
  m_ContactCaptureLayers:
    serializedVersion: 2
    m_Bits: 4294967295
  m_CallbackLayers:
    serializedVersion: 2
    m_Bits: 4294967295
  m_IsTrigger: 0
  m_UsedByEffector: 0
  m_UsedByComposite: 0
  m_Offset: {x: 0, y: -0.5}
  m_SpriteTilingProperty:
    border: {x: 0, y: 0, z: 0, w: 0}
    pivot: {x: 0.5, y: 0.5}
    oldSize: {x: 2, y: 2}
    newSize: {x: 1, y: 1}
    adaptiveTilingThreshold: 0.5
    drawMode: 0
    adaptiveTiling: 0
  m_AutoTiling: 0
  serializedVersion: 2
  m_Size: {x: 0.75, y: 0.25}
  m_EdgeRadius: 0
--- !u!58 &270643586574699435
CircleCollider2D:
  m_ObjectHideFlags: 0
  m_CorrespondingSourceObject: {fileID: 0}
  m_PrefabInstance: {fileID: 0}
  m_PrefabAsset: {fileID: 0}
  m_GameObject: {fileID: 8506615290861585702}
  m_Enabled: 1
  m_Density: 1
  m_Material: {fileID: 0}
  m_IncludeLayers:
    serializedVersion: 2
    m_Bits: 0
  m_ExcludeLayers:
    serializedVersion: 2
    m_Bits: 0
  m_LayerOverridePriority: 0
  m_ForceSendLayers:
    serializedVersion: 2
    m_Bits: 4294967295
  m_ForceReceiveLayers:
    serializedVersion: 2
    m_Bits: 4294967295
  m_ContactCaptureLayers:
    serializedVersion: 2
    m_Bits: 4294967295
  m_CallbackLayers:
    serializedVersion: 2
    m_Bits: 4294967295
  m_IsTrigger: 1
  m_UsedByEffector: 0
  m_UsedByComposite: 0
  m_Offset: {x: 0, y: 0}
  serializedVersion: 2
  m_Radius: 0.5
--- !u!195 &4491359523510858833
NavMeshAgent:
  m_ObjectHideFlags: 0
  m_CorrespondingSourceObject: {fileID: 0}
  m_PrefabInstance: {fileID: 0}
  m_PrefabAsset: {fileID: 0}
  m_GameObject: {fileID: 8506615290861585702}
  m_Enabled: 1
  m_AgentTypeID: 0
  m_Radius: 0.5
  m_Speed: 5
  m_Acceleration: 8
  avoidancePriority: 50
  m_AngularSpeed: 120
  m_StoppingDistance: 0
  m_AutoTraverseOffMeshLink: 1
  m_AutoBraking: 1
  m_AutoRepath: 1
  m_Height: 1
  m_BaseOffset: 0.5
  m_WalkableMask: 4294967295
  m_ObstacleAvoidanceType: 4
--- !u!114 &-2925969417753681788
MonoBehaviour:
  m_ObjectHideFlags: 0
  m_CorrespondingSourceObject: {fileID: 0}
  m_PrefabInstance: {fileID: 0}
  m_PrefabAsset: {fileID: 0}
  m_GameObject: {fileID: 8506615290861585702}
  m_Enabled: 1
  m_EditorHideFlags: 0
  m_Script: {fileID: 11500000, guid: d5a57f767e5e46a458fc5d3c628d0cbb, type: 3}
  m_Name: 
  m_EditorClassIdentifier: 
  GlobalObjectIdHash: 1931225460
  InScenePlacedSourceGlobalObjectIdHash: 0
  AlwaysReplicateAsRoot: 0
  SynchronizeTransform: 1
  ActiveSceneSynchronization: 0
  SceneMigrationSynchronization: 1
  SpawnWithObservers: 1
  DontDestroyWithOwner: 0
  AutoObjectParentSync: 1
--- !u!114 &3641021558031899832
MonoBehaviour:
  m_ObjectHideFlags: 0
  m_CorrespondingSourceObject: {fileID: 0}
  m_PrefabInstance: {fileID: 0}
  m_PrefabAsset: {fileID: 0}
  m_GameObject: {fileID: 8506615290861585702}
  m_Enabled: 1
  m_EditorHideFlags: 0
  m_Script: {fileID: 11500000, guid: 5075b077d92c6f14eb7422e40a1ff27e, type: 3}
  m_Name: 
  m_EditorClassIdentifier: 
  maxHealth: 15
  currentHealth:
    m_InternalValue: 0
  crystalPrefab: {fileID: 774595755931536454, guid: 896bd37e3c429eb4bb08335c08e04386, type: 3}
  crystalCount: 5
  deathEffect: 0
  damageParticlePrefab: {fileID: 2112472684519130442}
  deathParticlePrefab: {fileID: 4386806057980256858, guid: 200b9e239d79ab049beaef862a089aa3, type: 3}
--- !u!114 &8130276384650065212
MonoBehaviour:
  m_ObjectHideFlags: 0
  m_CorrespondingSourceObject: {fileID: 0}
  m_PrefabInstance: {fileID: 0}
  m_PrefabAsset: {fileID: 0}
  m_GameObject: {fileID: 8506615290861585702}
  m_Enabled: 1
  m_EditorHideFlags: 0
  m_Script: {fileID: 11500000, guid: 3b408a3e63e7fca48a4e71642b895142, type: 3}
  m_Name: 
  m_EditorClassIdentifier: 
  searchInterval: 0.5
--- !u!114 &3951885548425122441
MonoBehaviour:
  m_ObjectHideFlags: 0
  m_CorrespondingSourceObject: {fileID: 0}
  m_PrefabInstance: {fileID: 0}
  m_PrefabAsset: {fileID: 0}
  m_GameObject: {fileID: 8506615290861585702}
  m_Enabled: 1
  m_EditorHideFlags: 0
  m_Script: {fileID: 11500000, guid: 9d9e9a314c890a148bad2ec3293480ce, type: 3}
  m_Name: 
  m_EditorClassIdentifier: 
  firePoints:
  - {fileID: 8272849626975070208}
  bulletPrefab: {fileID: 7217225241100758651, guid: b0e83213b4b68b548ac0e6559769714c, type: 3}
  bulletSpeed: 10
  shootingRange: 20
  minCooldownTime: 5
  maxCooldownTime: 7
  hasChargeTime: 1
  chargeTime: 1
  isBurst: 1
  burstCount: 3
  burstInterval: 0.2
  stopWhenShooting: 0
  stopAfterShootingTime: 1
  chargeParticle: {fileID: 739721443537438777}
--- !u!95 &3943837489105058099
Animator:
  serializedVersion: 5
  m_ObjectHideFlags: 0
  m_CorrespondingSourceObject: {fileID: 0}
  m_PrefabInstance: {fileID: 0}
  m_PrefabAsset: {fileID: 0}
  m_GameObject: {fileID: 8506615290861585702}
  m_Enabled: 1
  m_Avatar: {fileID: 0}
  m_Controller: {fileID: 9100000, guid: 5ca3dc053ebdcc0479d0a60a91f79f7f, type: 2}
  m_CullingMode: 0
  m_UpdateMode: 0
  m_ApplyRootMotion: 0
  m_LinearVelocityBlending: 0
  m_StabilizeFeet: 0
  m_WarningMessage: 
  m_HasTransformHierarchy: 1
  m_AllowConstantClipSamplingOptimization: 1
  m_KeepAnimatorStateOnDisable: 0
  m_WriteDefaultValuesOnDisable: 0
--- !u!1001 &2427460440361232144
PrefabInstance:
  m_ObjectHideFlags: 0
  serializedVersion: 2
  m_Modification:
    serializedVersion: 3
    m_TransformParent: {fileID: 5286296098788063045}
    m_Modifications:
    - target: {fileID: 849329070804226497, guid: 038c0d9f1a56d4241ba34a866a4534f3, type: 3}
      propertyPath: m_Name
      value: Enemy M1 Impact VFX
      objectReference: {fileID: 0}
    - target: {fileID: 7016171861445347385, guid: 038c0d9f1a56d4241ba34a866a4534f3, type: 3}
      propertyPath: m_LocalPosition.x
      value: 0
      objectReference: {fileID: 0}
    - target: {fileID: 7016171861445347385, guid: 038c0d9f1a56d4241ba34a866a4534f3, type: 3}
      propertyPath: m_LocalPosition.y
      value: 0
      objectReference: {fileID: 0}
    - target: {fileID: 7016171861445347385, guid: 038c0d9f1a56d4241ba34a866a4534f3, type: 3}
      propertyPath: m_LocalPosition.z
      value: 0
      objectReference: {fileID: 0}
    - target: {fileID: 7016171861445347385, guid: 038c0d9f1a56d4241ba34a866a4534f3, type: 3}
      propertyPath: m_LocalRotation.w
      value: 1
      objectReference: {fileID: 0}
    - target: {fileID: 7016171861445347385, guid: 038c0d9f1a56d4241ba34a866a4534f3, type: 3}
      propertyPath: m_LocalRotation.x
      value: 0
      objectReference: {fileID: 0}
    - target: {fileID: 7016171861445347385, guid: 038c0d9f1a56d4241ba34a866a4534f3, type: 3}
      propertyPath: m_LocalRotation.y
      value: 0
      objectReference: {fileID: 0}
    - target: {fileID: 7016171861445347385, guid: 038c0d9f1a56d4241ba34a866a4534f3, type: 3}
      propertyPath: m_LocalRotation.z
      value: 0
      objectReference: {fileID: 0}
    - target: {fileID: 7016171861445347385, guid: 038c0d9f1a56d4241ba34a866a4534f3, type: 3}
      propertyPath: m_LocalEulerAnglesHint.x
      value: 0
      objectReference: {fileID: 0}
    - target: {fileID: 7016171861445347385, guid: 038c0d9f1a56d4241ba34a866a4534f3, type: 3}
      propertyPath: m_LocalEulerAnglesHint.y
      value: 0
      objectReference: {fileID: 0}
    - target: {fileID: 7016171861445347385, guid: 038c0d9f1a56d4241ba34a866a4534f3, type: 3}
      propertyPath: m_LocalEulerAnglesHint.z
      value: 0
      objectReference: {fileID: 0}
    m_RemovedComponents: []
    m_RemovedGameObjects: []
    m_AddedGameObjects: []
    m_AddedComponents: []
  m_SourcePrefab: {fileID: 100100000, guid: 038c0d9f1a56d4241ba34a866a4534f3, type: 3}
--- !u!198 &2112472684519130442 stripped
ParticleSystem:
  m_CorrespondingSourceObject: {fileID: 4386806057980256858, guid: 038c0d9f1a56d4241ba34a866a4534f3, type: 3}
  m_PrefabInstance: {fileID: 2427460440361232144}
  m_PrefabAsset: {fileID: 0}
--- !u!4 &4678784036469075753 stripped
Transform:
  m_CorrespondingSourceObject: {fileID: 7016171861445347385, guid: 038c0d9f1a56d4241ba34a866a4534f3, type: 3}
  m_PrefabInstance: {fileID: 2427460440361232144}
  m_PrefabAsset: {fileID: 0}
--- !u!1001 &2790126423972310839
PrefabInstance:
  m_ObjectHideFlags: 0
  serializedVersion: 2
  m_Modification:
    serializedVersion: 3
    m_TransformParent: {fileID: 5286296098788063045}
    m_Modifications:
    - target: {fileID: 1460388651758732749, guid: a4922d2326a929b42984bde3de750fbf, type: 3}
      propertyPath: m_LocalPosition.x
      value: 0
      objectReference: {fileID: 0}
    - target: {fileID: 1460388651758732749, guid: a4922d2326a929b42984bde3de750fbf, type: 3}
      propertyPath: m_LocalPosition.y
      value: -0.62
      objectReference: {fileID: 0}
    - target: {fileID: 1460388651758732749, guid: a4922d2326a929b42984bde3de750fbf, type: 3}
      propertyPath: m_LocalPosition.z
      value: 0
      objectReference: {fileID: 0}
    - target: {fileID: 1460388651758732749, guid: a4922d2326a929b42984bde3de750fbf, type: 3}
      propertyPath: m_LocalRotation.w
      value: 0.7071068
      objectReference: {fileID: 0}
    - target: {fileID: 1460388651758732749, guid: a4922d2326a929b42984bde3de750fbf, type: 3}
      propertyPath: m_LocalRotation.x
      value: -0.7071068
      objectReference: {fileID: 0}
    - target: {fileID: 1460388651758732749, guid: a4922d2326a929b42984bde3de750fbf, type: 3}
      propertyPath: m_LocalRotation.y
      value: 0
      objectReference: {fileID: 0}
    - target: {fileID: 1460388651758732749, guid: a4922d2326a929b42984bde3de750fbf, type: 3}
      propertyPath: m_LocalRotation.z
      value: 0
      objectReference: {fileID: 0}
    - target: {fileID: 1460388651758732749, guid: a4922d2326a929b42984bde3de750fbf, type: 3}
      propertyPath: m_LocalEulerAnglesHint.x
      value: -90
      objectReference: {fileID: 0}
    - target: {fileID: 1460388651758732749, guid: a4922d2326a929b42984bde3de750fbf, type: 3}
      propertyPath: m_LocalEulerAnglesHint.y
      value: 0
      objectReference: {fileID: 0}
    - target: {fileID: 1460388651758732749, guid: a4922d2326a929b42984bde3de750fbf, type: 3}
      propertyPath: m_LocalEulerAnglesHint.z
      value: 0
      objectReference: {fileID: 0}
    - target: {fileID: 1652695559205597062, guid: a4922d2326a929b42984bde3de750fbf, type: 3}
      propertyPath: m_Name
      value: Carga avispa flor M1
      objectReference: {fileID: 0}
    - target: {fileID: 3241608257101702926, guid: a4922d2326a929b42984bde3de750fbf, type: 3}
      propertyPath: moveWithTransform
      value: 0
      objectReference: {fileID: 0}
    m_RemovedComponents: []
    m_RemovedGameObjects: []
    m_AddedGameObjects: []
    m_AddedComponents: []
  m_SourcePrefab: {fileID: 100100000, guid: a4922d2326a929b42984bde3de750fbf, type: 3}
--- !u!198 &739721443537438777 stripped
ParticleSystem:
  m_CorrespondingSourceObject: {fileID: 3241608257101702926, guid: a4922d2326a929b42984bde3de750fbf, type: 3}
  m_PrefabInstance: {fileID: 2790126423972310839}
  m_PrefabAsset: {fileID: 0}
--- !u!4 &3674042907336878842 stripped
Transform:
  m_CorrespondingSourceObject: {fileID: 1460388651758732749, guid: a4922d2326a929b42984bde3de750fbf, type: 3}
  m_PrefabInstance: {fileID: 2790126423972310839}
  m_PrefabAsset: {fileID: 0}
